 Dungeon Crawl Stone Soup version 0.32-a0-768-g0f6f1dd4b9 (webtiles) character file.

Game seed: 15476942275854114289

43 kae the Slasher (level 3, -6/27 HPs)
             Began as a Coglin Gladiator on Mar 18, 2024.
             Mangled by Terence
             ... wielding a +4 hand axe of distortion
              (15 damage)
             ... on level 2 of the Dungeon.
             The game lasted 00:01:06 (1246 turns).

kae the Slasher (Coglin Gladiator)                  Turns: 1246, Time: 00:01:07

Health: -6/27      AC:  4    Str: 14    XL:     3   Next: 58%
Magic:  3/3        EV: 11    Int:  7    God:
Gold:   83         SH:  0    Dex: 17    Spells: 2/2 levels left

rFire   . . .        a - +0 long sword {Plamen}
rCold   . . .        f - +0 dagger {Araceli}
rNeg    . . .        b - +0 leather armour
rPois   .            c - +0 helmet
rElec   .            (no cloak)
rCorr   .            (no gloves)
SInv    .            (no boots)
Will    .....        (amulet unavailable)
Stlth   +            (ring unavailable)
HPRegen 0.24/turn    (ring unavailable)
MPRegen 0.08/turn    (no gizmo)

%: no passive effects
@: revving
A: off-hand wielding, slow wielding, warmup strikes, no jewellery
a: Invent Gizmo


You were on level 2 of the Dungeon.
You visited 1 branch of the dungeon, and saw 2 of its levels.

You collected 83 gold pieces.


Innate Abilities, Weirdness & Mutations

You can wield a second weapon in your off-hand.
It takes a long time for you to wield or remove held weapons.
Your first few attacks do less damage.
You cannot equip rings or amulets.


   Skills:
 - Level 2.0 Fighting
 + Level 4.5 Long Blades
 - Level 1.7 Throwing
 - Level 2.6 Dodging


You had 2 spell levels left.
You didn't know any spells.
Your spell library was empty.

Inventory:

Hand Weapons
 a - a +0 long sword (weapon) {Plamen}
 f - a +0 dagger (offhand) {Araceli}
Missiles
 d - 3 throwing nets (quivered) {=f!f}
 e - a javelin
 h - 6 poisoned darts
 i - 21 stones
Armour
 b - a +0 leather armour (worn)
 c - a +0 helmet (worn)
Jewellery
 p - an amulet of magic regeneration
   (You took it off a hobgoblin on level 1 of the Dungeon)
 G - an amulet of guardian spirit
   (You found it on level 1 of the Dungeon)
Scrolls
 q - a scroll of fear
Potions
 j - a potion of berserk rage {unknown}
 k - 2 potions of might {unknown}
 l - a potion of degeneration {!q}
 n - 2 potions of mutation {!q}
 r - a potion of attraction {!q}
 s - a potion of cancellation

Dungeon Overview and Level Annotations

Branches:
Dungeon (2/15) Zot: 10715

Altars:
Fedhas

Shops:
D:2 [

Annotations:
D:2 Terence

###...#* ##.###.######.........,,
..#*...***#.# #.# #.#####..##*
............###.# *#.# *#..,,
##...#.###......## *..# *##**
#*##..,,,........## *.## #
**.,*####.#....###.####* # **,*
#..............******* *
****###...@........w.,*,,,,, *
*,,,......g@...K.....,,,,,,, *
*,,,.......b........#,*,,,,,
******,,,................#,,>,,,,
,,,,,,,,,.......<........#*,*****
,,,**,,,,.?...............,,*****
,,,****,*##############...,,,,,,,
,,,* **,* ***,,,,##,,,,,,*
,,,***,,**********,,,**********,,
,,,,,,,,,,,,,,,,,,,*******,,,,,,,


You could see Terence, a hobgoblin, a bat and a kobold.


Message History

A ribbon worm is nearby!
A ribbon worm is nearby!
You barely miss the ribbon worm with your +0 dagger.
You hit the ribbon worm with your +0 long sword.
The ribbon worm misses you.
You hit the ribbon worm but do no damage.
You hit the ribbon worm with your +0 dagger.
The ribbon worm expels a string of sticky webbing.
The stream of webbing hits you but does no damage.
You are caught in a web! 😕 HP[+1]
A ribbon worm is nearby!
You struggle to detach yourself from the web.
The ribbon worm bites you.
The web tears apart.
The ribbon worm bites you. 😮 HP[-6]
You take 6 damage, and now have 17/27 hp.
MASSIVE DAMAGE!! (PAUSE)
A ribbon worm is nearby!
You are too injured to fight recklessly!
You are too injured to fight recklessly! 😮 HP[+1]
You hit the ribbon worm with your +0 dagger.
You hit the ribbon worm with your +0 long sword.
You kill the ribbon worm!
You see here a ribbon worm corpse.
A goblin comes into view. It is wielding a +0 club. 😮 HP[+1]
A goblin is nearby!
A goblin is nearby!
The goblin shouts!
Found Qoechu's Armour Shoppe.
You completely miss the goblin with your +0 long sword.
You hit the goblin with your +0 dagger. The goblin hits you with a +0 club.
You hit the goblin with your +0 dagger.
You slash the goblin with your +0 long sword!
You kill the goblin!
No target in view!
You now have 71 gold pieces (gained 10).
Things that are here:
a +0 club; a goblin corpse
There is an entrance to Qoechu's Armour Shoppe here.
You can access your shopping list by pressing '$'. 😎 HP[+8]
Your hp is fully restored (27).
There is a fountain of clear blue water here.
h - 6 poisoned darts
Things that are here:
a +0 dagger; a kobold corpse Unknown command.
You see here a ribbon worm corpse.
m - a scroll labelled WIRANL SUYBI You now have 83 gold pieces (gained 12).
k - 2 red potions (gained 1)
g - 3 scrolls of identify {@r1} (gained 1) Terence the Incautious comes into view.
He is wielding a +4 hand axe of distortion.
You aren't carrying any items that you can evoke.
Okay, then.
As you read the scroll labelled WIRANL SUYBI, it crumbles to dust.
You feel strangely unstable.
It was a scroll of teleportation.
As you read the scroll of identify {@r1}, it crumbles to dust.
n - 2 potions of mutation Terence shouts!
A hobgoblin comes into view.
As you read the scroll of identify {@r1}, it crumbles to dust.
r - a potion of attraction The hobgoblin shouts!
As you read the scroll of identify {@r1}, it crumbles to dust.
s - a potion of cancellation Unknown command.
You hit the hobgoblin with your +0 long sword.
You hit the hobgoblin but do no damage.
Your surroundings suddenly seem different.
A dart slug and a kobold come into view.
Found a stone staircase leading up.
The kobold shouts!
A bat comes into view.
The kobold throws a stone.
The stone barely misses you. The bat hits you but does no damage.
You hit Terence with your +0 long sword.
You hit Terence but do no damage. The bat closely misses you.
Terence hits you with a +4 hand axe of distortion!
Space warps around you. 😮 HP[-12]
You take 12 damage, and now have 15/27 hp.
MASSIVE DAMAGE!! (PAUSE)
You hit Terence with your +0 dagger.
You barely miss Terence with your +0 long sword.
Terence closely misses you. The bat hits you but does no damage.
Unknown command.
You hit Terence but do no damage.
You hit Terence with your +0 long sword.
The bat misses you.
Terence hits you with a +4 hand axe of distortion.
* * * LOW HITPOINT WARNING * * *
Space warps horribly around you!
Ouch! That really hurt!
You die...
Terence says, "That felt goooood."

Skill      XL: |  1  2 |
---------------+-------+-----
Long Blades    | 4 |  4.5
Fighting       | |  2.0
Throwing       | |  1.7
Dodging        | |  2.6

Action                     || total
---------------------------++-------
  Melee: Long sword        ||    60
         Dagger            ||    52
    Use: Scroll            ||     9
 Armour: Leather armour    ||    30
  Dodge: Dodged            ||    35

Levels and vault maps discovered:
D:1:      lightli_arrival_noodles, layout_loops_corners, serial_bayou,
          serial_bayou_pond_b, serial_bayou_ford_a, serial_bayou_pond_e,
          serial_bayou_pond_e, serial_bayou_pond_e, serial_bayou_shore_a,
          minmay_statues_item
D:2:      layout_rooms, basic_altar, serial_shops, shop_fountains, uniq_jessica,
          uniq_terence

Notes
Turn   | Place    | Note
-------+----------+-------------------------------------------
     0 | D:1      | kae the Coglin Gladiator began the quest for the Orb.
     0 | D:1      | Reached XP level 1. HP: 16/16 MP: 1/1
     0 | D:1      | magus.rc [v1.11.3]
   179 | D:1      | Reached XP level 2. HP: 22/22 MP: 2/2
   472 | D:1      | Reached skill level 4 in Long Blades
   646 | D:1      | Reached XP level 3. HP: 27/27 MP: 3/3
  1143 | D:2      | Found a blossoming altar of Fedhas.
  1158 | D:2      | Found Qoechu's Armour Shoppe.
  1236 | D:2      | Noticed Terence
  1246 | D:2      | Mangled by Terence

Vanquished Creatures
  An adder (D:2)
  A ribbon worm (D:2)
  3 ball pythons
  2 endoplasms (D:1)
  3 giant cockroaches (D:1)
  4 goblins
  6 hobgoblins (D:1)
  5 kobolds
  A bat (D:1)
  A frilled lizard (D:1)
  A rat (D:1)
28 creatures vanquished.

Table legend:
 A = Non-vault XP
 B = Vault XP
 C = Vault XP percentage of total XP
 D = Non-vault monster count
 E = Vault monster count
 F = Vault count percentage of total count
                 A         B        C        D         E       F
            +---------+---------+-------+---------+---------+-------
      Total |      58 |       4 |   6.5 |      26 |       2 |   7.1
            +---------+---------+-------+---------+---------+-------
        D:1 |      34 |       4 |  10.5 |      20 |       2 |   9.1
        D:2 |      24 |       0 |   0.0 |       6 |       0 |   0.0
            +---------+---------+-------+---------+---------+-------

Skill      XL: |  1  2 |
---------------+-------+-----
Long Blades    | 4 |  4.5
Fighting       | |  2.0
Throwing       | |  1.7
Dodging        | |  2.6

Action                     || total
---------------------------++-------
  Melee: Long sword        ||    60
         Dagger            ||    52
    Use: Scroll            ||     9
 Armour: Leather armour    ||    30
  Dodge: Dodged            ||    35

Illustrated notes

Table legend:
 A = Kills in this place as a percentage of kills in the entire game.
 B = Kills by you in this place as a percentage of kills by you in the entire game.
 C = Kills by friends in this place as a percentage of kills by friends in the entire game.
 D = Other kills in this place as a percentage of other kills in the entire game.
 E = Experience gained in this place as a percentage of experience gained in the entire game.
 F = Experience gained in this place divided by the number of levels of this place that you have seen.
                   A       B       C       D       E      F
               +-------+-------+-------+-------+-------+----------------------
         Total | 100.0 | 100.0 |   N/A |   N/A | 100.0 |  31.0
       Dungeon | 100.0 | 100.0 |   N/A |   N/A | 100.0 |  31.0
               +-------+-------+-------+-------+-------+----------------------

Table legend: (Time is in decaauts)
 A = Elapsed time spent in this place.
 B = Non-inter-level travel time spent in this place.
 C = Inter-level travel time spent in this place.
 D = Time resting spent in this place.
 E = Time spent auto-exploring this place.
 F = Levels seen in this place.
 G = Mean time per level.
                   A        B        C        D        E       F      G
               +--------+--------+--------+--------+--------+-----+--------+
         Total |   1283 |   1238 |     45 |    100 |    938 |   2 |  641.5 |
       Dungeon |   1283 |   1238 |     45 |    100 |    938 |   2 |  641.5 |
               +--------+--------+--------+--------+--------+-----+--------+

Top non-repeatable levels by time:
     D:1: 974 daAuts
     D:2: 308 daAuts
